 Dungeon Crawl Stone Soup version 0.19-a0-1773-gaa448fe (webtiles) character file.

25 theclanless the Skirmisher (level 3, -1/34 HPs)
             Began as a Naga Fighter on Oct 25, 2016.
             Slain by a kobold
             ... wielding a +0 short sword
              (3 damage)
             ... on level 1 of the Dungeon.
             The game lasted 00:02:00 (256 turns).

theclanless the Skirmisher (Naga Fighter)            Turns: 256, Time: 00:02:00

Health: -1/34      AC:  4    Str: 19    XL:     3   Next: 4%
Magic:  3/3        EV:  6    Int:  8    God:
Gold:   38         SH:  8    Dex: 10    Spells: 0 memorised, 2 levels left

rFire  . . .     SeeInvis +     h - +0 hand axe
rCold  . . .     Gourm    .     g - +0 ring mail
rNeg   . . .     Faith    .     c - +0 shield
rPois  +         Spirit   .     (no helmet)
rElec  .         Dismiss  .     (no cloak)
rCorr  .         Reflect  .     (no gloves)
MR     .....     Harm     .     (no barding)
Stlth  ..........               (no amulet)
                                (no ring)
                                i - ring of loudness (curse)

@: short of breath, very slightly contaminated, hasted, quick
A: see invisible, deformed body, poison resistance, slowness 2, slow metabolism
1, spit poison 1, AC +1
a: Spit Poison


You were on level 1 of the Dungeon.
You were not hungry.

You visited 1 branch of the dungeon, and saw 1 of its levels.

You collected 38 gold pieces.

Inventory:

Hand Weapons
 a - a +0 war axe
 h - a +0 hand axe (weapon)
Armour
 b - a +0 scale mail
 c - a +0 shield (worn)
 g - a +0 ring mail (worn)
Jewellery
 i - a cursed ring of loudness (left hand)
Scrolls
 e - 2 scrolls of identify {unknown}
Potions
 d - a potion of might
Comestibles
 f - 2 bread rations
 k - a meat ration


   Skills:
 + Level 3.1 Fighting
 * Level 2.4 Axes
 + Level 2.5 Armour
 + Level 0.5 Dodging
 + Level 1.4 Stealth
 + Level 2.6 Shields


You had 2 spell levels left.
You didn't know any spells.

Dungeon Overview and Level Annotations

Branches:
Dungeon (1/15)

Altars:


Innate Abilities, Weirdness & Mutations

You cannot wear boots.
Your serpentine skin is tough. (AC +1)
You have supernaturally acute eyesight. (SInv)
Armour fits poorly on your strangely shaped body.
Your system is resistant to poisons. (rPois)
You cover ground very slowly.
You have a slow metabolism.
You can spit poison.


Message History

The hobgoblin shouts!
You hit the kobold.
The gnoll looks more healthy.
You block the gnoll's attack. The kobold closely misses you.
Press: ? - help, Shift-Dir - straight line, f/p - gnoll
Aim: a gnoll, wielding a spear (almost dead)
The splash of poison hits the gnoll.
The gnoll is poisoned.
You kill the gnoll!
You have reached level 3!
Your experience leads to an increase in your attributes!
Increase (S)trength, (I)ntelligence, or (D)exterity?
You feel stronger.
Your skin feels tougher.
You feel slightly more hungry. The kobold hits you but does no damage.
It was a potion of haste.
You feel yourself speed up. The kobold barely misses you.
The dart slug bites you but does no damage.
You are very lightly contaminated with residual magic.
You hit the dart slug.
The dart slug is moderately wounded.
You barely miss the kobold. The kobold hits you with a short sword.
You die...

#.# ########### #.#
#.........# #.#
#.........#######.##
#...)..†...........#
#.........#######..#
#.........# #..#
############.##### #..#
.........K@..###########..#
.......g.w.............)..>
...........................
........############.####..
#######.# #.# #.. #.# #.##
#.. #># #....# #..# #.. #.#
#....# ##.###.. #.# #....#
#..##..


You could see a dart slug, a hobgoblin and a kobold.

Vanquished Creatures
  A gnoll (D:1)
  A ball python (D:1)
  2 goblins (D:1)
  2 hobgoblins (D:1)
  4 jackals (D:1)
  A bat (D:1)
  3 frilled lizards (D:1)
14 creatures vanquished.

Notes
Turn   | Place    | Note
-------+----------+-------------------------------------------
     0 | D:1      | theclanless the Naga Fighter began the quest for the Orb.
     0 | D:1      | Reached XP level 1. HP: 21/21 MP: 1/1
   125 | D:1      | Reached skill level 1 in Stealth
   125 | D:1      | Reached XP level 2. HP: 23/28 MP: 2/2
   252 | D:1      | HP: 1/28 [kobold/short sword (7)]
   254 | D:1      | Reached XP level 3. HP: 2/34 MP: 3/3
   256 | D:1      | Slain by a kobold

Vault maps used:
D:1:      matt_arrival_diagonals

Skill      XL: |  1 |
---------------+----+-----
Stealth        | 1 |  1.4
Fighting       | |  3.1
Axes           | |  2.4
Armour         | |  2.5
Dodging        | |  0.5
Shields        | |  2.6

Action                   || total
-------------------------++-------
Melee: Hand axe          ||    31
 Abil: Spit Poison       ||    13
  Use: Potion            ||     1
Armor: Ring mail         ||    15
Dodge: Dodged            ||     9
Block: Shield            ||    26
